 Dungeon Crawl Stone Soup version 0.25.0-1-g7eea58d (webtiles) character file.

Game seed: 6809290205803006633

131 auberdahn the Sneak (level 5, -7/28 HPs)
             Began as a Kobold Enchanter on June 17, 2020.
             Mangled by an orc
             ... wielding a +0 war axe
              (14 damage)
             ... on level 3 of the Dungeon.
             The game lasted 00:03:48 (3993 turns).

auberdahn the Sneak (Kobold Enchanter)              Turns: 3993, Time: 00:03:48

Health: -7/28      AC:  3    Str:  5    XL:     5   Next: 37%
Magic:  1/8        EV: 15    Int: 17    God:
Gold:   124        SH:  0    Dex: 16    Spells: 5/8 levels left

rFire    . . .     SeeInvis .   a - +1 dagger
rCold    . . .     Gourm    .   (shield restricted)
rNeg     . . .     Faith    .   f - +0 robe {Archmagi}
rPois    .         Spirit   .   (no helmet)
rElec    .         Reflect  .   (no cloak)
rCorr    .         Harm     .   j - +0 pair of gloves
MR       .....                  (no boots)
Stlth    +++.......             (no amulet)
HPRegen  0.09/turn              (no ring)
MPRegen  0.11/turn              (no ring)

@: very slightly contaminated
A: small, carnivore
a: no special abilities


You were on level 3 of the Dungeon.
You were completely stuffed.

You visited 1 branch of the dungeon, and saw 3 of its levels.

You collected 124 gold pieces.

Inventory:

Hand Weapons
 a - a +1 dagger (weapon)
Armour
 b - a +0 robe
 f - a +0 robe of the Archmagi (worn)
 j - a +0 pair of gloves (worn)
Scrolls
 c - 2 scrolls of enchant armour {unknown}
 e - 6 scrolls of identify {unknown}
 g - a scroll of amnesia {unknown}
 i - a scroll of immolation {unknown}
 k - a scroll of fear {unknown}
 n - a scroll of enchant weapon {unknown}
 o - a scroll of random uselessness {unknown}
Potions
 h - a potion of stabbing {unknown}
 l - a potion of lignification {unknown}
 m - a potion of haste {unknown}
Comestibles
 d - 6 rations {!d}
 p - a chunk of flesh


   Skills:
 + Level 4.6 Short Blades
 - Level 2.4 Dodging
 + Level 6.3 Stealth
 - Level 2.1 Spellcasting
 - Level 3.0 Hexes


You had 5 spell levels left.
You knew the following spells:

 Your Spells              Type           Power        Failure   Level  Hunger
a - Corona                Hex            ###....      5%          1    #......
b - Ensorcelled Hibernat  Hex/Ice        ##....       16%         2    ###....

Your spell library contained the following spells:

 Spells                   Type           Power        Failure   Level  Hunger
 Confusing Touch          Hex            ###.....     17%         3    ###....
 Tukima's Dance           Hex            ###.....     17%         3    ###....
 Dazzling Flash           Conj/Hex       ##....       30%         3    ###....


Dungeon Overview and Level Annotations

Branches:
Dungeon (3/15)

Altars:
Trog


Innate Abilities, Weirdness & Mutations

You are small and have problems with some larger weapons.
You are carnivorous and can eat meat at any time.


Message History

Nothing appears to happen.
Casting: Ensorcelled Hibernation (safe; 16% risk of failure)
Confirm with . or Enter, or press ? or * to list all spells.
You don't have enough magic to cast that spell.
Unknown command.
You hit the orc.
The orc is moderately wounded.
The orc misses you.
You hit the orc.
The orc is heavily wounded.
The orc completely misses you.
You hit the orc.
The orc is almost dead.
The orc hits you with a +0 hand axe.
* * * LOW HITPOINT WARNING * * *
You hit the orc.
You kill the orc!
You hit the orc but do no damage. The orc hits you with a +0 war axe!
Ouch! That really hurt!
You die...

#....#.#.#........(.#
#....#.#.####.......#
#.###'##.#.##...###+###
## #........#.##...#
#.# #.
#####.####.##...###.##
#. #)# #.##......(.#
### #.# #.##........#
##_ #.# #.###.......##
8.. #.# #@#
#........##... # #o#
#o# ######.#.#8$.. #..
#.# #o# #.#.##...
#...##.####.##
#.#.##8..
+......##....# ####+#.#
#.....o.o....# #..÷...#
###......÷...# #......#
#..........####......#
#......##..........###
##


You could see 2 orcs.

Vanquished Creatures
  An orc priest (D:3)
  4 adders
  An ooze (D:2)
  3 worms (D:3)
  A dart slug (D:2)
  A leopard gecko (D:3)
  5 orcs (D:3)
  7 bats
  4 goblins
  5 hobgoblins
  2 kobolds
  2 quokkas
  5 frilled lizards
  7 rats
48 creatures vanquished.

Notes
Turn   | Place    | Note
-------+----------+-------------------------------------------
     0 | D:1      | auberdahn the Kobold Enchanter began the quest for the Orb.
     0 | D:1      | Reached XP level 1. HP: 10/10 MP: 3/3
   548 | D:1      | Reached XP level 2. HP: 8/15 MP: 5/5
   852 | D:1      | Learned a level 2 spell: Ensorcelled Hibernation
  1531 | D:2      | Reached skill level 5 in Stealth
  1531 | D:2      | Reached XP level 3. HP: 19/19 MP: 6/6
  2418 | D:2      | Reached XP level 4. HP: 24/24 MP: 7/7
  3078 | D:3      | Found a faded altar of an unknown god.
  3523 | D:3      | Reached skill level 6 in Stealth
  3523 | D:3      | Reached XP level 5. HP: 28/28 MP: 1/8
  3744 | D:3      | Found a bloodstained altar of Trog.
  3993 | D:3      | Mangled by an orc

Illustrated notes

Levels and vault maps discovered:
D:1:      dpeg_cavernosity, layout_basic, amethyst_killhole,
          serial_park_tiny_pond, roderic_lattice_a
D:2:      layout_basic, minmay_fractal_squares_gapless_5
D:3:      layout_basic, nicolae_overflow_hidden_temple,
          chequers_ecumenical_altar_twisty

Skill      XL: |  1  2  3  4 |
---------------+-------------+-----
Short Blades   | 2 3 4 |  4.6
Stealth        | 5 6 |  6.3
Dodging        | |  2.4
Spellcasting   | |  2.1
Hexes          | |  3.0

Action                   |  1- 3 |  4- 6 || total
-------------------------+-------+-------++-------
Melee: Dagger            |   109 |   106 ||   215
 Cast: Ensorcelled Hiber |     3 |    14 ||    17
 Stab: Sleeping          |     7 |     9 ||    16
       Distracted        |       |     1 ||     1
  Eat: Chunk             |    10 |     9 ||    19
Armor: Robe              |    12 |    10 ||    22
Dodge: Dodged            |    67 |    62 ||   129
